Map: Ulrena

Players

Grumm - Winner!

  • Race: Protoss Protoss
  • League: Gold

Doctore

  • Race: Terran Terran
  • League: Gold

VOD

Have the link to the VOD?

Description

Time

  • Played on: Jan. 31, 2016, 8:08 p.m.
  • Length: 26:06
Show
View Real Time Build Order
Export as new Build Order

Grumm Protoss - Winner!

Build Orders:  

Get SALT Encoding   

  12  0:02  Probe (Chrono Boost)  
  13  0:12  Probe (Chrono Boost)  
  14  0:20  Pylon  
  14  0:23  Probe (Chrono Boost)  
  15  0:32  Assimilator  
  15  0:38  Probe (Chrono Boost)  
  16  0:45  Gateway  
  16  0:58  Gateway  
  16  1:06  Probe (Chrono Boost)  
  17  1:16  Probe (Chrono Boost)  
  18  1:27  Probe (Chrono Boost)  
  19  1:33  Zealot (Chrono Boost)  
  19  1:34  Cybernetics Core  
  19  1:37  Probe  
  22  1:50  Assimilator  
  22  2:00  Pylon  
  22  2:07  Probe  
  23  2:19  Probe  
  23  2:23  Assimilator  
  23  2:28  Pylon  
  23  2:41  Stalker (Chrono Boost)  
  23  2:42  Stargate  
  23  2:44  Pylon  
  23  2:48  Stalker (Chrono Boost), Probe  
  26  2:53  Warp Gate (Chrono Boost)  
  26  3:00  Probe  
  27  3:11  Stalker  
  27  3:12  Probe  
  30  3:17  Zealot  
  32  3:30  Void Ray  
  32  3:33  Gateway  
  36  4:13  Probe  
  36  4:16  Stalker  
  39  4:26  Nexus  
  39  4:28  Pylon  
  39  4:33  Pylon  
  39  4:46  Stalker  
  37  4:58  Void Ray  
  41  5:06  Forge  
  41  5:32  Probe  
  41  5:35  Gateway  
  42  5:37  Gateway  
  42  5:39  Probe  
  39  5:44  Probe  
  38  5:50  Probe  
  38  5:56  Probe  
  40  6:00  Probe  
  41  6:06  Zealot x2  
  41  6:19  Protoss Ground Weapons Level 1 (Chrono Boost)  
  41  6:21  Probe  
  41  6:22  Probe  
  41  6:25  Assimilator  
  43  6:27  Assimilator  
  43  6:36  Fleet Beacon  
  43  6:38  Probe  
  43  6:39  Stargate  
  44  6:40  Pylon, Probe  
  45  6:48  Pylon  
  45  6:49  Probe  
  45  6:52  Probe  
  47  7:02  Void Ray  
  51  7:11  Adept x3  
  51  7:13  Adept  
  53  7:47  Stalker  
  53  7:48  Stalker x4  
  53  7:50  Probe  
  53  7:51  Probe, Tempest  
  57  8:03  Probe x2  
  59  8:08  Photon Cannon  
  59  8:16  Gateway  
  59  8:18  Zealot  
  59  8:19  Zealot x2  
  65  8:22  Adept x2  
  69  8:39  Tempest (Chrono Boost)  
  73  9:00  Tempest (Chrono Boost)  
  77  9:33  Tempest (Chrono Boost)  
  81  9:40  Nexus  
  78  10:05  Stalker  
  78  10:06  Stalker x4  
  78  10:07  Pylon  
  72  10:35  Zealot x4  
  76  10:36  Zealot x2  
  54  11:38  Zealot x5  
  54  11:39  Zealot  
  54  12:06  Stalker, Zealot x3  
  60  12:19  Probe  
  60  12:20  Probe  
  50  13:15  Probe  
  50  13:16  Pylon, Probe x2  
  53  13:25  Probe  
  53  13:28  Probe x2  
  53  13:29  Sentry x3  
  50  14:21  Stalker x3  
  50  14:22  Stalker x2  
  60  14:28  Pylon  
  60  14:29  Probe x3  
  61  15:17  Stalker  
  61  15:18  Stalker x5  
  73  15:24  Probe x2  
  75  15:29  Assimilator  
  75  15:32  Assimilator  
  63  16:49  Probe  
  63  16:53  Robotics Facility  
  62  16:55  Pylon  
  62  16:56  Pylon  
  62  16:57  Tempest x2 (Chrono Boost)  
  72  18:05  Tempest (Chrono Boost)  
  72  18:06  Tempest (Chrono Boost)  
  72  18:07  Protoss Shields Level 1  
  72  18:09  Observer, Probe x2  
  79  18:13  Probe  
  80  18:20  Gateway  
  80  18:21  Nexus  
  80  18:23  Pylon x2, Probe  
  80  18:24  Protoss Air Weapons Level 1  
  80  18:26  Pylon  
  71  18:59  Forge  
  71  19:01  Twilight Council  
  71  19:07  Pylon  
  71  19:08  Void Ray x2 (Chrono Boost)  
  79  19:15  Robotics Bay  
  79  19:18  Photon Cannon  
  79  19:19  Probe  
  79  19:20  Probe  
  79  19:22  Photon Cannon  
  81  19:26  Observer  
  82  20:26  Stalker x3  
  82  20:27  Stalker x3  
  94  20:34  Observer Gravitic Boosters  
  94  20:35  Probe  
  95  20:39  Photon Cannon  
  95  20:41  Photon Cannon  
  82  22:12  Observer  
  83  22:19  Probe x2  
  83  22:20  Probe x2  
  87  22:22  Zealot  
  87  22:23  Zealot x5  
  99  22:32  Probe x2  
  99  22:34  Observer  
  102  22:47  Tempest x2 (Chrono Boost)  
  110  22:55  Observer  
  111  23:22  Stalker x3  
  111  23:23  Stalker x3  
  123  23:28  Nexus  
  123  23:30  Photon Cannon  
  121  23:42  Pylon  
  117  24:03  Tempest x2 (Chrono Boost)  
  117  24:05  Stalker x6  
  133  24:22  Photon Cannon  
  133  24:26  Pylon  
  133  24:46  Stalker x2, Zealot  
  133  24:47  Stalker  
  141  25:07  Stalker x3  
  141  25:12  Tempest x2 (Chrono Boost)  
  135  25:48  Stalker  
  135  25:49  Stalker x5  
Show
View Real Time Build Order
Export as new Build Order

Doctore Terran 

Build Orders: Reaper Expand 

Get SALT Encoding   

  12  0:01  SCV  
  14  0:14  SCV  
  14  0:18  Supply Depot  
  14  0:26  SCV  
  15  0:40  SCV  
  16  0:43  Barracks  
  16  0:52  SCV  
  16  0:54  Refinery  
  17  1:04  SCV  
  18  1:22  SCV  
  19  1:35  Supply Depot  
  19  1:37  Reaper  
  19  1:39  Orbital Command  
  20  1:49  Command Center  
  20  2:09  Marine  
  21  2:20  SCV  
  22  2:33  SCV  
  23  2:40  Marine  
  24  2:45  Barracks  
  24  2:47  Barracks  
  24  2:50  SCV  
  25  2:58  Factory, Marine  
  26  3:02  SCV  
  27  3:13  Orbital Command  
  27  3:15  SCV  
  27  3:19  Refinery  
  27  3:32  Engineering Bay  
  27  3:33  SCV  
  28  3:36  Barracks Tech Lab  
  28  3:40  Barracks Reactor  
  27  4:03  Barracks Reactor  
  27  4:09  Orbital Command, Marauder  
  27  4:13  Marine  
  27  4:14  Widow Mine  
  28  4:17  SCV  
  29  4:30  Marauder, SCV, Barracks Reactor  
  28  4:46  Engineering Bay  
  28  4:52  Marine  
  26  4:53  Marine  
  26  4:54  Marine  
  26  5:03  Widow Mine  
  28  5:10  Marine  
  28  5:11  Marine x2  
  31  5:24  Missile Turret  
  31  5:28  Marine  
  29  5:29  Marine x2  
  27  5:43  Supply Depot  
  27  5:46  Supply Depot, Marine  
  27  5:47  Marine  
  29  5:50  Marauder  
  29  5:56  Supply Depot  
  30  6:04  Widow Mine  
  30  6:05  Marine x2  
  32  6:11  Marine  
  33  6:23  Marine x2  
  33  6:25  Missile Turret  
  35  6:27  Supply Depot  
  35  6:29  Marine  
  35  6:30  Refinery x2  
  36  6:32  Command Center  
  36  6:40  Marine x2  
  36  6:41  SCV  
  36  6:42  SCV  
  36  6:45  Supply Depot  
  36  6:47  Marine  
  40  6:53  SCV  
  40  6:54  SCV  
  43  6:58  Widow Mine  
  46  7:05  Marauder, Barracks Reactor  
  46  7:06  SCV x2  
  46  7:08  Barracks Reactor  
  49  7:13  Supply Depot  
  49  7:18  SCV x2  
  51  7:24  Supply Depot  
  51  7:26  Supply Depot  
  51  7:30  SCV x2  
  52  7:42  SCV  
  49  7:56  Supply Depot, Marine x3  
  49  7:57  Marauder, Factory Reactor  
  54  8:02  Starport  
  54  8:07  SCV x3  
  57  8:17  Missile Turret  
  57  8:18  Supply Depot, Marauder  
  59  8:21  Orbital Command  
  59  8:24  Marine  
  59  8:25  Marine  
  59  8:26  Marine  
  62  8:42  Engineering Bay  
  62  8:43  Terran Infantry Weapons Level 1  
  62  8:50  Marine x2  
  62  8:51  Marauder  
  62  8:52  Medivac  
  62  8:53  Medivac  
  70  8:58  SCV x2  
  70  8:59  SCV  
  73  9:04  Supply Depot  
  73  9:10  SCV x2  
  73  9:12  Marauder  
  75  9:28  Missile Turret  
  75  9:36  Marine x2  
  75  9:37  Marauder, Marine  
  75  9:38  Viking x2  
  84  9:43  Widow Mine  
  84  9:44  SCV  
  87  10:03  Marine x3  
  87  10:04  Marine x2  
  91  10:08  Viking  
  91  10:11  Widow Mine  
  81  10:22  Marauder  
  75  10:42  Missile Turret  
  75  10:47  Medivac  
  75  10:48  Medivac  
  79  10:53  Command Center  
  77  11:07  Marine x3  
  77  11:08  Marauder, Marine  
  82  11:17  Medivac  
  75  11:25  Medivac, Marine x2  
  62  11:29  Marine  
  62  11:30  Marauder, Marine  
  53  11:42  Widow Mine  
  53  11:43  Marine x2  
  55  11:47  Marine  
  55  11:51  Marauder  
  52  12:01  Marine  
  47  12:03  Barracks  
  47  12:05  Barracks  
  47  12:07  Barracks  
  47  12:08  Barracks  
  43  12:09  Barracks  
  38  12:29  Orbital Command  
  38  12:43  SCV x2  
  38  12:55  SCV  
  38  12:57  Factory  
  39  12:58  Refinery  
  39  12:59  Refinery  
  39  13:11  Marine x5  
  43  13:28  Marine  
  43  13:29  Marine x4  
  48  13:46  Marine x3  
  48  13:47  Marine  
  32  14:04  Marine  
  32  14:05  Marine x4  
  32  14:18  Orbital Command  
  32  14:21  SCV  
  32  14:22  Marine x2  
  32  14:23  Widow Mine, Marine x3  
  37  14:26  Factory  
  37  14:31  Barracks  
  31  14:32  Barracks x2  
  31  14:33  SCV  
  30  14:43  Supply Depot  
  30  14:44  Supply Depot  
  30  14:45  Supply Depot, SCV  
  34  14:51  Widow Mine  
  32  14:57  SCV  
  29  15:08  Command Center  
  29  15:09  SCV  
  30  15:17  Widow Mine  
  30  15:20  Widow Mine, SCV  
  35  15:21  SCV  
  35  15:23  SCV  
  37  15:32  SCV  
  37  15:33  SCV  
  37  15:35  Marine x3, SCV  
  43  15:43  Barracks x2  
  43  15:44  Supply Depot, SCV  
  43  15:45  Widow Mine  
  43  15:47  SCV  
  43  15:48  Widow Mine  
  49  15:52  Marine  
  49  15:53  Marine x2  
  52  16:00  SCV  
  52  16:03  Engineering Bay  
  53  16:06  Bunker  
  53  16:10  Marine x2  
  53  16:11  Marine  
  56  16:12  SCV  
  56  16:14  Widow Mine  
  56  16:17  Widow Mine  
  61  16:24  SCV  
  61  16:31  Marine x3  
  61  16:36  SCV  
  61  16:41  SCV x2  
  61  16:42  Widow Mine  
  61  16:46  Widow Mine  
  67  16:48  SCV  
  67  16:49  Marine x2  
  67  16:53  SCV x2  
  70  17:05  SCV  
  70  17:10  Barracks Reactor x2  
  70  17:11  Widow Mine  
  70  17:14  Widow Mine  
  74  17:18  SCV  
  72  17:30  SCV  
  73  17:39  Widow Mine  
  73  17:43  Widow Mine  
  77  17:58  SCV  
  77  18:28  Missile Turret  
  77  18:36  Supply Depot  
  77  18:38  Supply Depot  
  77  18:44  Command Center  
  74  18:59  Supply Depot  
  74  19:00  Marine x3, SCV  
  74  19:01  Supply Depot x2  
  78  19:17  Command Center  
  78  19:20  Marine x5  
  78  19:24  Refinery  
  83  19:25  Refinery  
  83  19:29  Starport  
  83  19:30  Starport  
  83  19:32  Starport  
  83  19:33  Starport  
  83  19:38  Marine x2  
  83  19:42  Marine x4  
  83  19:56  Marine x2  
  83  19:57  Marine  
  82  20:10  Marine x3  
  84  20:14  Marine  
  84  20:16  Starport Tech Lab x3  
  84  20:17  Starport Tech Lab  
  83  20:28  Starport Tech Lab x2  
  83  20:29  Starport Tech Lab x2  
  78  20:46  Marine x2  
  78  20:51  Orbital Command  
  74  20:57  Barracks Tech Lab  
  72  21:04  Widow Mine x2  
  74  21:18  Missile Turret  
  74  21:23  Raven x2  
  74  21:24  Raven x2  
  80  21:32  Refinery, Widow Mine  
  78  21:33  Widow Mine, SCV, Refinery  
  78  21:34  SCV  
  82  21:51  SCV  
  73  22:01  Widow Mine x2  
  66  22:03  SCV  
  66  22:06  Raven x2  
  54  22:29  Raven x2  
  57  22:34  Barracks  
  53  22:37  Barracks  
  53  22:40  Barracks  
  53  22:41  Command Center  
  53  22:49  Command Center  
  52  22:53  Liberator  
  52  22:54  Command Center  
  52  22:56  Liberator  
  50  23:03  Cloaking Field  
  39  23:52  Marine x3  
  42  23:59  Supply Depot  
  42  24:00  Supply Depot  
  42  24:01  Supply Depot  
  40  24:05  Liberator x2  
  40  24:22  Marine x3  
  49  24:34  SCV  
Tags
 
Add a new tag
Caveats
  • Supply blocks, unpowered buildings, or Contaminate may cause inaccurate times.
  • Supply counts are checked every 10 seconds.